 Dungeon Crawl Stone Soup version 0.19.4-9-g45fd643 (webtiles) character file.

750 empire the Skirmisher (level 7, -6/91 HPs)
             Began as a Red Draconian Monk on Feb 17, 2017.
             Mangled by a yak (9 damage)
             ... on level 4 of the Dungeon.
             The game lasted 00:07:27 (3655 turns).

empire the Skirmisher (Red Draconian Monk)          Turns: 3655, Time: 00:07:28

Health: -6/91      AC:  6    Str: 18    XL:     7   Next: 48%
Magic:  8/8        EV: 14    Int: 11    God:
Gold:   234        SH:  0    Dex: 15    Spells: 2 memorised, 2 levels left

rFire  + + .     SeeInvis .     a - +1 short sword
rCold  x . .     Gourm    .     (armour unavailable)
rNeg   . . .     Faith    .     (no shield)
rPois  .         Spirit   .     (helmet restricted)
rElec  .         Reflect  .     (no cloak)
rCorr  .         Harm     .     (no gloves)
MR     .....                    (no boots)
Stlth  ..........               (no amulet)
                                (no ring)
                                c - ring of fire

@: berserking, short of breath, very quick
A: breathe fire, unfitting armour, fire resistance 1, cold-blooded, AC +6
a: Breathe Fire


You were on level 4 of the Dungeon.
You were not hungry.

You visited 1 branch of the dungeon, and saw 4 of its levels.

You collected 234 gold pieces.

Inventory:

Hand Weapons
 a - a +1 short sword (weapon)
 f - a +0 scythe of protection
 h - a cursed -1 flail
 s - a +1 flail of crushing
Jewellery
 c - a ring of fire (left hand)
Wands
 r - a wand of digging (9/24)
Scrolls
 d - a scroll of remove curse
 g - a scroll of amnesia
 k - a scroll of fog {unknown}
 n - a scroll of teleportation {unknown}
Potions
 i - 2 potions of mutation
 p - a potion of degeneration
 q - a potion of berserk rage
Books
 e - a book of Minor Magic

   Spells                             Type                      Level
   a - Magic Dart                     Conjuration                  1
   b - Blink                          Translocation                2
   c - Call Imp                       Summoning                    2
   d - Repel Missiles                 Charms/Air                   2
   e - Slow                           Hexes                        2
   f - Conjure Flame                  Conjuration/Fire             3
   g - Mephitic Cloud                 Conjuration/Poison/Air       3
Comestibles
 b - 3 bread rations
 j - a royal jelly
 m - 5 chunks of flesh
 o - 4 meat rations


   Skills:
 + Level 5.3 Fighting
 + Level 4.4 Short Blades
 + Level 4.3 Dodging
 + Level 4.2 Stealth
 + Level 1.3 Summonings
 + Level 1.5 Translocations
 + Level 2.4 Evocations


You had 2 spell levels left.
You knew the following spells:

 Your Spells              Type           Power        Failure   Level  Hunger
a - Blink                 Tloc           N/A          30%         2    ###....
b - Call Imp              Summ           #.......     34%         2    ###....


Dungeon Overview and Level Annotations

Branches:
Dungeon (4/15)
 Temple: D:4-7

Altars:
Cheibriados
Dithmenos
Gozag
Sif Muna
Vehumet
Yredelemnul


Innate Abilities, Weirdness & Mutations

You can breathe blasts of fire.
Your fiery red scales are hard. (AC +6)
You cannot fit into any form of body armour.
Your flesh is heat resistant. (rF+)
You are cold-blooded and may be slowed by cold attacks.


Message History

A red film seems to cover your vision as you go berserk!
You feel yourself moving faster!
You feel mighty! The yak gores you!
* * * LOW HITPOINT WARNING * * *
You puncture the yak!
The yak is almost dead.
The yak closely misses you.
You hit the yak.
The yak is almost dead.
You barely miss the yak.
The yak is almost dead.
The yak barely misses you.
You barely miss the yak.
The yak is almost dead.
You hit the yak.
You kill the yak!
Your Summonings skill increases to level 1!
You puncture the yak!
The yak is heavily wounded.
The yak gores you!
You die...

##...................####
.............<..........
......................#
......................#
........(......[.....##
......................##
..........................
................######....
.#............#.@YYY# ...
.##...#######.#####Y# ..
.#..#.#######..##....Y .
...##.##................
.####.##.#########.##.....
.<....##.# .....
.###..#..# .... .# ##...##
.... .# ###.....#


You could see 4 yaks.

Vanquished Creatures
  Grinder (D:3)
  Sigmund (D:3)
  A yak (D:4)
  A hound (D:4)
  An orc priest (D:3)
  Ijyb (D:2)
  An orc wizard (D:4)
  6 adders
  4 dart slugs
  5 leopard geckos
  4 orcs
  A ball python (D:1)
  5 giant cockroaches
  14 goblins
  8 hobgoblins
  9 jackals
  3 quokkas (D:3)
  6 bats
  7 frilled lizards
  7 kobolds
  12 rats
  A spectral orc (D:2)
99 creatures vanquished.

Notes
Turn   | Place    | Note
-------+----------+-------------------------------------------
     0 | D:1      | empire the Draconian Monk began the quest for the Orb.
     0 | D:1      | Reached XP level 1. HP: 19/19 MP: 1/1
   219 | D:1      | Reached XP level 2. HP: 17/26 MP: 2/2
   374 | D:1      | Reached skill level 4 in Fighting
   517 | D:1      | Reached XP level 3. HP: 33/33 MP: 3/3
   532 | D:1      | Found a snail-covered altar of Cheibriados.
  1405 | D:2      | Reached XP level 4. HP: 40/40 MP: 4/4
  1482 | D:2      | Found an opulent altar of Gozag.
  1517 | D:2      | Noticed Ijyb
  1553 | D:2      | Killed Ijyb
  1902 | D:2      | Found a basalt altar of Yredelemnul.
  2351 | D:3      | Noticed Grinder
  2371 | D:3      | Paralysed by Grinder for 3 turns
  2377 | D:3      | Killed Grinder
  2377 | D:3      | Reached skill level 1 in Evocations
  2377 | D:3      | Reached XP level 5. HP: 7/47 MP: 4/6
  2377 | D:3      | Reached XP level 6. HP: 8/55 MP: 4/7
  2736 | D:3      | Learned a level 2 spell: Blink
  2739 | D:3      | Learned a level 2 spell: Call Imp
  2802 | D:3      | Noticed Sigmund
  2828 | D:3      | Killed Sigmund
  2828 | D:3      | Reached skill level 5 in Fighting
  2828 | D:3      | Reached skill level 1 in Translocations
  2906 | D:3      | Your scales start taking on a fiery red colour.
  2906 | D:3      | Reached XP level 7. HP: 34/61 MP: 8/8
  2906 | D:3      | Gained mutation: Your flesh is heat resistant. (rF+) [Red Draconian growth]
  3476 | D:3      | Found a radiant altar of Vehumet.
  3476 | D:3      | Found a faded altar of an unknown god.
  3483 | D:3      | Found a deep blue altar of Sif Muna.
  3485 | D:3      | Found a shadowy altar of Dithmenos.
  3487 | D:3      | Found a faded altar of an unknown god.
  3632 | D:4      | Noticed a yak
  3632 | D:4      | Noticed a yak
  3632 | D:4      | Noticed a yak
  3633 | D:4      | Noticed a yak
  3633 | D:4      | Noticed a yak
  3633 | D:4      | Noticed a yak
  3649 | D:4      | HP: 2/91 [yak (17)]
  3654 | D:4      | Killed a yak
  3654 | D:4      | Reached skill level 1 in Summonings
  3655 | D:4      | Mangled by a yak

Skill      XL: |  1  2  3  4  5  6  7 |
---------------+----------------------+-----
Stealth        | 2 3 4 |  4.2
Fighting       | 4 5 |  5.3
Dodging        | 3 4 |  4.3
Evocations     | 1 2 |  2.4
Short Blades   | 4 |  4.4
Translocations | 1 |  1.5
Summonings     | 1 |  1.3

Action                   |  1- 3 |  4- 6 |  7- 9 || total
-------------------------+-------+-------+-------++-------
Melee: Short sword       |   161 |   144 |    46 ||   351
       Tailslap          |    16 |    15 |    12 ||    43
 Cast: Blink             |       |       |     1 ||     1
 Abil: Breathe Fire      |       |       |     1 ||     1
  Use: Scroll            |       |    13 |       ||    13
       Potion            |       |     7 |     2 ||     9
 Stab: Sleeping          |     3 |     4 |     4 ||    11
       Distracted        |       |       |     1 ||     1
  Eat: Chunk             |     2 |     5 |     2 ||     9
Armor: Skin              |    55 |    34 |     3 ||    92
Dodge: Dodged            |   172 |   100 |    23 ||   295
